 Dungeon Crawl Stone Soup version 0.20.0 (webtiles) character file.

25893 aesoa the Slicer (level 13, -2/99 HPs)
             Began as an Octopode Fighter on June 3, 2017.
             Was an Initiate of Gozag.
             Slain by a five-headed hydra (15 damage)
             ... on level 5 of the Lair of Beasts.
             The game lasted 01:21:56 (19177 turns).

aesoa the Slicer (Octopode Fighter)                Turns: 19177, Time: 01:21:59

Health: -2/99      AC:  3    Str: 15    XL:     13   Next: 22%
Magic:  17/17      EV: 20    Int: 13    God:    Gozag
Gold:   1399       SH:  7    Dex: 20    Spells: 12/18 levels left

rFire    + . .     SeeInvis +   x - +3 rapier "Grim" {flame, Dex+4}
rCold    + . .     Gourm    .   n - +0 buckler
rNeg     . . .     Faith    .   y - +2 hat
rPois    +         Spirit   .   (no amulet)
rElec    .         Reflect  .   e - ring of flight
rCorr    .         Harm     .   o - ring of see invisible
MR       .....                  r - ring of protection from cold
Stlth    +++++.....             A - ring of poison resistance
Regen    0.3/turn               S - ring of protection from fire
MPRegen  0.2/turn               (no ring)
                                (no ring)
                                (no ring)

@: gold aura
A: almost no armour, stealthy swim, amphibious, 8 rings, constrict 8, camouflage
1, clever 1, robust 1, gelatinous body 1
a: Potion Petition, Call Merchant, Bribe Branch, Renounce Religion, Evoke Flight


You were on level 5 of the Lair of Beasts.
You worshipped Gozag.
Gozag was most pleased with you.
You were not hungry.

You visited 3 branches of the dungeon, and saw 16 of its levels.

You collected 3143 gold pieces.
You spent 87 gold pieces at shops.
You paid 1657 gold pieces to Gozag.

Inventory:

Hand Weapons
 x - the +3 rapier "Grim" (weapon) {flame, Dex+4}
   (You found it on level 5 of the Dungeon)

   It has been specially enchanted to burn those struck by it, causing extra
   injury to most foes and up to half again as much damage against particularly
   susceptible opponents.
   It affects your dexterity (+4).
 E - a +1 rapier of venom
Missiles
 p - a tomahawk of dispersal
 t - 7 tomahawks (quivered)
Armour
 b - a +0 shield
 n - a +0 buckler (worn)
 y - a +2 hat (worn)
Jewellery
 e - a ring of flight (left tentacle)
 o - a ring of see invisible (right tentacle)
 r - a ring of protection from cold (on tentacle)
 A - a ring of poison resistance (on tentacle)
 S - a ring of protection from fire (on tentacle)
Wands
 s - a wand of confusion (22/48)
 v - a wand of iceblast (8/15)
 B - a wand of digging (9/24)
 C - a wand of disintegration (1/24)
 G - a wand of acid (6/15)
 I - a wand of polymorph (9/24)
 L - a wand of acid (12/15)
 R - a wand of iceblast (5/15)
 W - a wand of flame (23/48)
 X - a wand of enslavement (15/24)
 Z - a wand of lightning (1/15)
Scrolls
 l - 4 scrolls of amnesia
 m - 6 scrolls of teleportation
 u - 2 scrolls of enchant armour
 z - a scroll of enchant weapon
 J - 3 scrolls of blinking
 N - 3 scrolls of remove curse
 Q - a scroll of recharging
 U - a scroll of fog
 V - a scroll of magic mapping
 Y - a scroll of fear
Potions
 a - 3 potions of agility
 c - 4 potions of might
 g - 3 potions of brilliance
 h - 3 potions of haste
 i - a potion of curing
 k - 3 potions of cancellation
 D - 2 potions of resistance
 M - 2 potions of mutation
Books
 j - a book of Misfortune

   Spells                             Type                      Level
   a - Confusing Touch                Hexes                        1
   b - Confuse                        Hexes                        3
   c - Gell's Gravitas                Translocation                3
   d - Petrify                        Transmutation/Earth          4
   e - Metabolic Englaciation         Hexes/Ice                    5
   f - Yara's Violent Unravelling     Hexes/Transmutation          5
 q - Sif Muna's Handbook of Protection
   (You found it on level 3 of the Dungeon)

   Spells                             Type                      Level
   a - Infusion                       Charms                       1
 w - a book of Conjurations

   Spells                             Type                      Level
   a - Magic Dart                     Conjuration                  1
   b - Searing Ray                    Conjuration                  2
   c - Dazzling Spray                 Conjuration/Hexes            3
   d - Fulminant Prism                Conjuration/Hexes            4
   e - Force Lance                    Conjuration/Translocation    4
   f - Iskenderun's Mystic Blast      Conjuration                  4
 F - a book of Changes

   Spells                             Type                      Level
   a - Beastly Appendage              Transmutation                1
   b - Sticks to Snakes               Transmutation                2
   c - Spider Form                    Transmutation/Poison         3
   d - Ice Form                       Ice/Transmutation            4
   e - Blade Hands                    Transmutation                5
 K - a Young Poisoner's Handbook

   Spells                             Type                      Level
   a - Sting                          Conjuration/Poison           1
   b - Poisonous Vapours              Poison/Air                   2
   c - Mephitic Cloud                 Conjuration/Poison/Air       3
   d - Olgreb's Toxic Radiance        Poison                       4
   e - Venom Bolt                     Conjuration/Poison           5
 T - a book of Minor Magic

   Spells                             Type                      Level
   a - Magic Dart                     Conjuration                  1
   b - Blink                          Translocation                2
   c - Call Imp                       Summoning                    2
   d - Slow                           Hexes                        2
   e - Conjure Flame                  Conjuration/Fire             3
   f - Mephitic Cloud                 Conjuration/Poison/Air       3
Comestibles
 d - 9 bread rations
 f - 14 royal jellies
 H - 5 meat rations


   Skills:
 - Level 9.2 Fighting
 - Level 14.3 Short Blades
 - Level 8.1 Dodging
 + Level 7.8 Stealth
 - Level 9.7 Shields
 - Level 3.3 Spellcasting
 - Level 3.6 Hexes


You had 12 spell levels left.
You knew the following spells:

 Your Spells              Type           Power        Failure   Level  Hunger
a - Confuse               Hex            ##......     16%         3    ###....
b - Infusion              Chrm           #...         22%         1    #......
c - Blink                 Tloc           N/A          34%         2    ##.....


Dungeon Overview and Level Annotations

Branches:
Dungeon (10/15)            Temple (1/1) D:5            Lair (5/6) D:10
 Shoals (0/4) Lair:4        Snake (0/4) Lair:3
  Slime: Lair:5-6       Orc: D:9-12

Altars:
Ashenzari
Cheibriados
Dithmenos
Elyvilon
Fedhas
Gozag
Hepliaklqana
Kikubaaqudgha
Makhleb
Nemelex Xobeh
Okawaru
Qazlal
Ru
Sif Muna
Trog
Uskayaw
Vehumet
Xom
Yredelemnul
Zin
The Shining One

Shops:
D:8 *   D:10 (=


Innate Abilities, Weirdness & Mutations

You cannot wear most types of armour.
You are very stealthy in the water. (Stealth+)
You are amphibious.
You can wear up to eight rings at the same time.
You can use your tentacles to constrict eight enemies at once.
Your skin changes colour to match your surroundings (Stealth+).
Your rubbery body absorbs attacks. (AC +1, EV +1)
Your mind is acute. (Int +2)
You are robust. (+10% HP)


Message History

The five-headed hydra bites you! x2
* * * LOW HITPOINT WARNING * * *
Unknown command.
Unknown command.
You feel much better. The five-headed hydra bites you. x2
* * * LOW HITPOINT WARNING * * *
The five-headed hydra misses you.
The five-headed hydra bites you but does no damage.
The five-headed hydra completely misses you.
You hit the five-headed hydra. You burn the five-headed hydra.
You squeeze the five-headed hydra!
The five-headed hydra is almost dead.
You puncture the five-headed hydra! You burn the five-headed hydra.
The five-headed hydra is almost dead.
The five-headed hydra bites you!
* * * LOW HITPOINT WARNING * * *
The five-headed hydra closely misses you.
The five-headed hydra bites you!
You die...
Your body crumbles into a pile of gold.

### ##.# ### #.## ##.### ##..#
###...P# #...#########
#......#
###..........P#####?.....##
##.....#..#.....#..........##
P...######.###..@D..........##
...## ####.####......(..$.#
..## ## #..#.........# P.#
###$........## ### ##.......##
.# #.....P.# ## #....#..# ..
#...#..### .#. ####...#


You could see a five-headed hydra.

Vanquished Creatures
  Erica (D:8)
  3 hydras
  4 two-headed ogres
  The ghost of aesoa the Covert, a journeyman OpMo of Gozag (D:8)
  Sonja (Lair:2)
  A skeletal warrior (D:9)
  A necromancer (D:9)
  Maurice (D:8)
  A black mamba (Lair:5)
  Joseph (D:7)
  2 rime drakes
  3 spiny frogs
  2 komodo dragons (Lair:4)
  A hornet (D:8)
  A troll (D:10)
  Grinder (D:4)
  9 blink frogs
  2 hippogriffs
  4 flying skulls (D:9)
  6 yaks
  A shadow (D:9)
  2 wraiths (D:9)
  A wyvern (Lair:4)
  2 basilisks
  2 wargs (D:10)
  4 nagas (Lair:3)
  2 soldier ants (D:8)
  Duvessa (D:6)
  8 water moccasins
  6 porcupines
  3 orc warriors
  A black bear (D:8)
  4 ice beasts
  3 sky beasts
  2 necrophages
  3 phantoms
  6 ogres
  5 centaurs
  5 wolves (Lair:1)
  4 crocodiles
  A big kobold (D:7)
  13 bullfrogs
  3 scorpions
  A water moccasin skeleton (D:9)
  Dowan (D:6)
  16 killer bees
  22 wights
  An electric eel (Lair:3)
  A bullfrog zombie (D:9)
  5 howler monkeys
  8 crimson imps
  5 centaur zombies
  9 hounds
  15 orc wizards
  2 bullfrog skeletons (D:9)
  3 orc priests
  3 centaur skeletons
  3 jellies
  An iguana (D:6)
  9 worker ants
  A killer bee zombie (D:8)
  A hound zombie (D:9)
  3 hound skeletons
  A howler monkey zombie (D:10)
  A worker ant zombie (D:9)
  3 gnolls (D:3)
  4 howler monkey skeletons
  20 adders
  2 oozes
  2 adder skeletons
  4 adder zombies
  3 worms
  A dart slug (D:1)
  4 leopard geckos
  49 orcs
  2 ball pythons
  6 giant cockroaches
  5 goblins
  11 hobgoblins
  8 jackals
  3 quokkas
  4 bats
  7 frilled lizards
  A jackal skeleton (D:4)
  12 kobolds
  A quokka zombie (D:8)
  6 rats
398 creatures vanquished.

Notes
Turn   | Place    | Note
-------+----------+-------------------------------------------
     0 | D:1      | aesoa the Octopode Fighter began the quest for the Orb.
     0 | D:1      | Reached XP level 1. HP: 16/16 MP: 1/1
   121 | D:1      | Reached XP level 2. HP: 6/21 MP: 2/2
   450 | D:1      | Reached skill level 3 in Short Blades
   749 | D:2      | Reached XP level 3. HP: 25/26 MP: 3/3
  1081 | D:2      | Reached skill level 4 in Short Blades
  1100 | D:2      | Gained mutation: You are robust. (+10% HP) [potion of mutation]
  1100 | D:2      | Gained mutation: Your mind is acute. (Int +2) [potion of mutation]
  1135 | D:2      | Reached XP level 4. HP: 22/34 MP: 4/4
  1257 | D:2      | Found a shattered altar of Ashenzari.
  1771 | D:3      | Found a bloodstained altar of Trog.
  1805 | D:3      | Found a deep blue altar of Sif Muna.
  2124 | D:3      | Reached XP level 5. HP: 26/39 MP: 5/5
  2306 | D:3      | Learned a level 3 spell: Confuse
  2412 | D:3      | Identified Sif Muna's Handbook of Protection
  2737 | D:3      | Reached XP level 6. HP: 19/46 MP: 6/6
  2988 | D:4      | Reached skill level 1 in Spellcasting
  2988 | D:4      | Reached skill level 1 in Hexes
  3000 | D:4      | Noticed a phantom
  3165 | D:4      | Noticed Grinder
  3178 | D:4      | Paralysed by Grinder for 2 turns
  3258 | D:3      | Noticed a necrophage
  3379 | D:3      | Killed a necrophage
  3490 | D:3      | Killed a phantom
  3490 | D:3      | Reached XP level 7. HP: 16/50 MP: 8/10
  3703 | D:4      | Paralysed by Grinder for 6 turns
  3714 | D:4      | Paralysed by Grinder for 2 turns
  3716 | D:4      | Killed Grinder
  3994 | D:4      | Reached skill level 5 in Short Blades
  4382 | D:4      | Reached skill level 6 in Short Blades
  4382 | D:4      | Reached XP level 8. HP: 42/57 MP: 12/12
  4729 | D:5      | Entered Level 5 of the Dungeon
  5171 | D:5      | Found a hazy altar of Hepliaklqana.
  5182 | D:5      | Found a staircase to the Ecumenical Temple.
  5195 | Temple   | Entered the Ecumenical Temple
  5284 | Temple   | Became a worshipper of Gozag Ym Sagoz the Greedy
  5319 | D:5      | Reached skill level 7 in Short Blades
  6073 | D:5      | Reached skill level 8 in Short Blades
  6468 | D:5      | Reached skill level 9 in Short Blades
  6680 | D:5      | Reached XP level 9. HP: 50/61 MP: 13/13
  6695 | D:5      | Got a polished rapier
  6696 | D:5      | Identified the cursed +3 rapier "Grim" {flame, Dex+4} (You found it on level 5 of the Dungeon)
  6922 | D:6      | Found a basalt altar of Yredelemnul.
  6973 | D:6      | Reached skill level 10 in Short Blades
  7594 | D:6      | Noticed Dowan
  7596 | D:6      | Noticed Duvessa
  7600 | D:6      | Killed Dowan
  7608 | D:6      | Killed Duvessa
  7608 | D:6      | Reached skill level 11 in Short Blades
  8588 | D:7      | Reached XP level 10. HP: 28/69 MP: 14/14
  8595 | D:7      | Reached skill level 12 in Short Blades
  9028 | D:7      | Noticed Joseph
  9352 | D:7      | Killed Joseph
  9846 | D:8      | Found Tijuric's Assorted Antiques.
  9846 | D:8      | Noticed aesoa's ghost (journeyman OpMo)
  9873 | D:8      | Killed aesoa's ghost
  9873 | D:8      | Reached skill level 13 in Short Blades
 10120 | D:8      | Bought a viscous brown potion for 27 gold pieces
 10120 | D:8      | Bought a scroll labeled JOZYPN ORASUY for 30 gold pieces
 10120 | D:8      | Bought a scroll labeled IDIWIL VUADA for 30 gold pieces
 10552 | D:8      | Found a white marble altar of Elyvilon.
 10697 | D:8      | Noticed Erica
 10707 | D:8      | Killed Erica
 10707 | D:8      | Reached skill level 14 in Short Blades
 10714 | D:8      | Reached XP level 11. HP: 59/73 MP: 15/15
 10828 | D:8      | Noticed Maurice
 10898 | D:8      | Killed Maurice
 11321 | D:9      | Reached skill level 5 in Fighting
 11419 | D:9      | Learned a level 1 spell: Infusion
 11431 | D:9      | Noticed a two-headed ogre
 11434 | D:9      | Killed a two-headed ogre
 11503 | D:9      | Found a stormy altar of Qazlal.
 11506 | D:9      | Found a sacrificial altar of Ru.
 11516 | D:9      | Found a snail-covered altar of Cheibriados.
 11519 | D:9      | Found a shattered altar of Ashenzari.
 11626 | D:9      | Noticed a necromancer
 11654 | D:9      | Killed a necromancer
 11654 | D:9      | Reached skill level 5 in Dodging
 12312 | D:9      | Noticed a skeletal warrior
 12369 | D:9      | Killed a skeletal warrior
 12804 | D:10     | Entered Level 10 of the Dungeon
 13135 | D:10     | Noticed a two-headed ogre
 13184 | D:10     | Killed a two-headed ogre
 13184 | D:10     | Reached skill level 5 in Shields
 13473 | D:10     | Found a staircase to the Lair.
 13496 | D:10     | Reached XP level 12. HP: 59/84 MP: 16/16
 13632 | D:10     | Found a shattered altar of Ashenzari.
 13676 | D:10     | Got a blackened whip
 13677 | D:10     | Identified the +1 whip of the Hidden Souls {antimagic, Fragile rN+ Int+6} (You found it on level 10 of the Dungeon)
 14202 | D:10     | Noticed a two-headed ogre
 14209 | D:10     | Killed a two-headed ogre
 14365 | D:10     | Noticed a two-headed ogre
 14379 | D:10     | Killed a two-headed ogre
 14400 | Lair:1   | Entered Level 1 of the Lair of Beasts
 15007 | Lair:1   | Noticed a five-headed hydra
 15016 | Lair:1   | Killed a five-headed hydra
 15452 | Lair:2   | Noticed Sonja
 15481 | Lair:2   | Killed Sonja
 15779 | Lair:2   | Noticed a four-headed hydra
 15788 | Lair:2   | Killed a four-headed hydra
 16363 | Lair:3   | Found a staircase to the Snake Pit.
 17281 | Lair:3   | Noticed a five-headed hydra
 17290 | Lair:3   | Killed a five-headed hydra
 17583 | Lair:3   | Reached XP level 13. HP: 99/99 MP: 17/17
 17787 | Lair:4   | Reached skill level 1 in Stealth
 18048 | Lair:4   | Reached skill level 5 in Stealth
 18190 | Lair:4   | Found a staircase to the Shoals.
 18837 | Lair:4   | Learned a level 2 spell: Blink
 19177 | Lair:5   | Slain by a five-headed hydra

Skill      XL: |  1  2  3  4  5  6  7  8  9 10 11 12 13 |
---------------+----------------------------------------+-----
Short Blades   | 3 4 6 9 11 14 | 14.3
Shields        | 4 6 9 |  9.7
Spellcasting   | 2 3 |  3.3
Hexes          | 2 3 |  3.6
Fighting       | 5 9 |  9.2
Dodging        | 8 |  8.1
Stealth        | 7 |  7.8

Action                   |  1- 3 |  4- 6 |  7- 9 | 10-12 | 13-15 || total
-------------------------+-------+-------+-------+-------+-------++-------
Melee: Rapier            |    60 |   126 |   321 |   723 |   105 ||  1335
       Constrict         |    19 |    25 |    56 |   115 |    10 ||   225
       Tentacles         |     6 |    24 |    68 |   188 |    28 ||   314
 Cast: Confuse           |       |       |       |     1 |       ||     1
Invok: Potion Petition   |       |       |       |     2 |       ||     2
       Call Merchant     |       |       |       |     2 |       ||     2
  Use: Scroll            |     5 |     2 |     5 |    13 |     2 ||    27
       Potion            |     1 |       |     1 |     4 |     2 ||     8
 Stab: Sleeping          |     3 |     7 |    10 |    17 |     1 ||    38
       Distracted        |       |       |     4 |     2 |     1 ||     7
  Eat: Chunk             |       |     7 |     6 |       |       ||    13
       Fruit             |       |       |     2 |     9 |     6 ||    17
       Meat ration       |       |       |     2 |     1 |       ||     3
       Bread ration      |       |       |       |     2 |       ||     2
       Royal jelly       |       |       |       |     3 |       ||     3
Armor: Skin              |     3 |     2 |     9 |    29 |     5 ||    48
Dodge: Dodged            |    25 |    54 |   133 |   321 |    52 ||   585
Block: Shield            |    32 |     8 |       |       |       ||    40
       Buckler           |       |    20 |    41 |   124 |    25 ||   210
